 Dungeon Crawl Stone Soup version 0.21-a0-513-gdcb3f5e (webtiles) character file.

128 Hafrunt the Stinger (level 4, -1/33 HPs)
             Began as a Draconian Venom Mage on Dec 1, 2017.
             Slain by a hobgoblin (3 damage)
             ... on level 2 of the Dungeon.
             The game lasted 00:08:07 (1649 turns).

Hafrunt the Stinger (Draconian Venom Mage)          Turns: 1649, Time: 00:08:07

Health: -1/33      AC:  5    Str: 10    XL:     4   Next: 86%
Magic:  2/8        EV: 12    Int: 16    God:
Gold:   109        SH:  0    Dex: 12    Spells: 2/8 levels left

rFire    . . .     SeeInvis .   k - +0 quarterstaff
rCold    . . .     Gourm    .   (shield currently unavailable)
rNeg     . . .     Faith    .   (armour unavailable)
rPois    .         Spirit   .   (helmet restricted)
rElec    .         Reflect  .   (no cloak)
rCorr    .         Harm     .   (no gloves)
MR       .....                  (no boots)
Stlth    ++........             (no amulet)
HPRegen  0.11/turn              (no ring)
MPRegen  0.11/turn              (no ring)

@: very slightly contaminated
A: unfitting armour, cold-blooded, AC +5
a: no special abilities


You were on level 2 of the Dungeon.
You were not hungry.

You visited 1 branch of the dungeon, and saw 3 of its levels.

You collected 109 gold pieces.

Inventory:

Hand Weapons
 k - a +0 quarterstaff (weapon)
Scrolls
 c - a scroll of magic mapping {unknown}
 e - 3 scrolls of remove curse
 g - a scroll of teleportation {unknown}
 i - a scroll of noise {unknown}
 l - a scroll of immolation {unknown}
 m - 2 scrolls of enchant weapon {unknown}
Potions
 f - 2 potions of brilliance
 j - a potion of might {unknown}
 n - a potion of curing {unknown}
Books
 a - a Young Poisoner's Handbook

   Spells                             Type                      Level
   a - Sting                          Conjuration/Poison           1
   b - Poisonous Vapours              Poison/Air                   2
   c - Mephitic Cloud                 Conjuration/Poison/Air       3
   d - Olgreb's Toxic Radiance        Poison                       4
   e - Venom Bolt                     Conjuration/Poison           5
Comestibles
 b - a bread ration
 d - 2 chunks of flesh
 h - 2 meat rations


   Skills:
 - Level 1.7 Dodging
 - Level 1.7 Stealth
 + Level 2.9 Spellcasting
 + Level 2.3 Conjurations
 * Level 4.5 Poison Magic


You had 2 spell levels left.
You knew the following spells:

 Your Spells              Type           Power        Failure   Level  Hunger
a - Sting                 Conj/Pois      ##..         4%          1    #......
s - Mephitic Cloud        Conj/Pois/Air  #.......     22%         3    ###....
x - Poisonous Vapours     Pois/Air       #.....       11%         2    ##.....


Dungeon Overview and Level Annotations

Branches:
Dungeon (3/15)

Altars:
Elyvilon
Wu Jian


Innate Abilities, Weirdness & Mutations

Your plain brown scales are hard. (AC +5)
You cannot fit into any form of body armour.
You are cold-blooded and may be slowed by cold attacks.


Message History

Casting: Sting
Confirm with . or Enter, or press ? or * to list all spells.
Aiming: Poisonous Vapours
Press: ? - help, Dir - move target cursor, f - goblin
Aim: a goblin, wielding a dagger Poisonous vapours surround the goblin!
The goblin hits you with a club.
* * * LOW HITPOINT WARNING * * *
The goblin closely misses you.
The goblin is engulfed in poison gas.
The goblin is poisoned.
The goblin misses you. The hobgoblin barely misses you.
Casting: Poisonous Vapours
Confirm with . or Enter, or press ? or * to list all spells.
Aiming: Poisonous Vapours
Press: ? - help, Dir - move target cursor, f - goblin, p - goblin
Aim: a goblin, wielding a club You miscast Poisonous Vapours.
Nothing appears to happen.
You kill the goblin!
The goblin barely misses you. The goblin hits you with a club.
* * * LOW HITPOINT WARNING * * *
The hobgoblin hits you.
You die...

###...........####.....#.#### #>
#.......#...#.............# ###.
##......#....#####.....##..###...
#................................
##.......##......#...............
##.......##............#.#.......
..÷.........[............#.......
#.##..##.##.<...)g............###
...##....##....g@##.....##...##
....##.####.....g##.....##...#
.....#.# #......##.....##...♣♣
^_.....# #......##.....#.....♣♣
.....### #......##............♣♣
....#######.#######.......≈≈≈...♣
...##.......# #......≈≈≈≈≈...
#.##..#####.# #......≈≈♣≈≈...
#....## ### #####..≈≈≈≈≈...


You could see a hobgoblin and 2 goblins.

Vanquished Creatures
  A howler monkey (D:2)
  4 adders (D:2)
  2 worms (D:2)
  A dart slug (D:2)
  4 giant cockroaches
  6 goblins
  4 hobgoblins
  A quokka (D:2)
  8 bats
  5 frilled lizards (D:2)
  9 kobolds (D:1)
  8 rats
53 creatures vanquished.

Notes
Turn   | Place    | Note
-------+----------+-------------------------------------------
     0 | D:1      | Hafrunt the Draconian Venom Mage began the quest for the Orb.
     0 | D:1      | Reached XP level 1. HP: 14/14 MP: 3/3
   161 | D:1      | Reached XP level 2. HP: 20/20 MP: 0/5
   732 | D:1      | Reached XP level 3. HP: 22/26 MP: 1/6
   758 | D:1      | Learned a level 2 spell: Poisonous Vapours
   762 | D:1      | Learned a level 3 spell: Mephitic Cloud
   977 | D:2      | Reached skill level 4 in Poison Magic
  1134 | D:2      | Reached XP level 4. HP: 33/33 MP: 2/7
  1285 | D:2      | Found a white marble altar of Elyvilon.
  1463 | D:2      | Found an ornate altar of the Wu Jian Council.
  1649 | D:2      | Slain by a hobgoblin

Vault maps used:
D:1:      roderic_dead_forest
D:2:      elyvilon_altar_3, lemuel_round_altar
D:3:      kennysheep_big_flooded_room, nicolae_overflow_crystal_walls,
          first_bread

Skill      XL: |  1  2  3 |
---------------+----------+-----
Poison Magic   | 4 |  4.5
Conjurations   | 2 |  2.3
Dodging        | |  1.7
Stealth        | |  1.7
Spellcasting   | |  2.9

Action                   |  1- 3 |  4- 6 || total
-------------------------+-------+-------++-------
Melee: Whip              |    69 |       ||    69
       Unarmed           |    11 |     6 ||    17
       Tailslap          |     5 |       ||     5
       Quarterstaff      |       |     5 ||     5
 Cast: Sting             |    48 |    21 ||    69
       Poisonous Vapours |     5 |     3 ||     8
  Use: Scroll            |     2 |       ||     2
  Eat: Chunk             |     2 |     2 ||     4
Armor: Skin              |    49 |    10 ||    59
Dodge: Dodged            |    76 |    26 ||   102

Table legend:
 A = Spawn XP
 B = Non-spawn XP
 C = Spawn XP percentage of total XP
 D = Spawn monster count
 E = Non-spawn monster count
 F = Spawn count percentage of total count
 G = Total turns spent on level
                    A         B        C        D         E        F      G
               +---------+---------+-------+---------+---------+-------+---------
         Total |       0 |     183 |   0.0 |       0 |      53 |   0.0 |  1649
               +---------+---------+-------+---------+---------+-------+---------
           D:1 |       0 |      43 |   0.0 |       0 |      29 |   0.0 |   928
           D:2 |       0 |     140 |   0.0 |       0 |      24 |   0.0 |   712
               +---------+---------+-------+---------+---------+-------+---------
